| TOP OF THE 1ST |
|
Oakland Oaks batting - Pitching for Houston Colt .45's : RHP Muckle Wildriver
|
|
Pitching: RHP Muckle Wildriver
|
|
|
Batting: RHB Chris Bohm
|
0-0: Ball 1-0: Ball 2-0: Bunt for hit to 2R - play at first, batter OUT! 2-3
|
|
Batting: RHB Scott Lister
|
0-0: Called Strike 0-1: Ball 1-1: Foul Ball, location: 2F 1-2: Foul Ball, location: 2F 1-2: Ball 2-2: Foul Ball, location: 2F 2-2: Hit by Pitch
|
|
Batting: RHB Walt Alaniz
|
0-0: Swinging Strike 0-1: Ball 1-1: Ball 2-1: Swinging Strike 2-2: Strikes out swinging Scott Lister steals 2nd base Batter strikes out.
|
|
Batting: LHB Felipe Gomez
|
0-0: Foul Ball, location: 2F 0-1: Ball 1-1: Swinging Strike 1-2: Strikes out looking
|
| Top of the 1st over - 0 runs, 0 hits, 0 errors, 1 left on base; Oakland 0 - Houston 0 |
| BOTTOM OF THE 1ST |
|
Houston Colt .45's batting - Pitching for Oakland Oaks : RHP Chad Cooper
|
|
Pitching: RHP Chad Cooper
|
|
|
Batting: RHB Daniel Pena
|
0-0: Foul Ball, location: 2F 0-1: Called Strike 0-2: Fly out, F8 (Flyball, 8LD, EV 96.9 MPH)
|
|
Batting: LHB Bruce Arvizu
|
0-0: Called Strike 0-1: Swinging Strike 0-2: Ground out 1-3 (Groundball, 13S, EV 67.5 MPH)
|
|
Batting: RHB Jason Monico
|
0-0: Called Strike 0-1: Ball 1-1: Swinging Strike 1-2: Ball 2-2: Strikes out swinging
|
| Bottom of the 1st over - 0 runs, 0 hits, 0 errors, 0 left on base; Oakland 0 - Houston 0 |
| TOP OF THE 2ND |
|
Oakland Oaks batting - Pitching for Houston Colt .45's : RHP Muckle Wildriver
|
|
Batting: RHB Chris Temple
|
0-0: Reached on error, E6 (Groundball, 6, EV 107.5 MPH)
|
|
Batting: LHB Ed Talamantes
|
0-0: Foul Ball, location: 2F 0-1: Ball Wild Pitch! Chris Temple to second 1-1: Ball 2-1: Called Strike 2-2: Strikes out swinging
|
|
Batting: RHB Mike Gangi
|
0-0: Called Strike 0-1: Ball 1-1: Called Strike 1-2: Foul Ball, location: 2F 1-2: Ball 2-2: Ground out 1-3 (Groundball, 15S, EV 67.5 MPH)
|
|
Batting: RHB Travis Robinson
|
0-0: Foul Ball, location: 2F 0-1: Ball 1-1: DOUBLE (Line Drive, 89D, EV 100.0 MPH) Chris Temple scores
|
|
Batting: RHB Tim Anderson
|
0-0: Ball 1-0: Foul Ball, location: 2F 1-1: Ball Wild Pitch! Travis Robinson to third 2-1: SINGLE (Line Drive, 9LM, EV 106.9 MPH) Travis Robinson scores
|
|
Batting: RHB Chris Bohm
|
0-0: Ball Tim Anderson steals 2nd base 1-0: Called Strike 1-1: Ball 2-1: Called Strike 2-2: Strikes out swinging
|
| Top of the 2nd over - 2 runs, 2 hits, 1 error, 1 left on base; Oakland 2 - Houston 0 |
| BOTTOM OF THE 2ND |
|
Houston Colt .45's batting - Pitching for Oakland Oaks : RHP Chad Cooper
|
|
Batting: LHB Bob Govella
|
0-0: Ball 1-0: Fly out, F7 (Flyball, 7D, EV 100.6 MPH)
|
|
Batting: SHB Terciero Ortiz
|
0-0: Foul Ball, location: 2F 0-1: Swinging Strike 0-2: Ball 1-2: Ball 2-2: SINGLE (Groundball, 25, EV 74.4 MPH) (infield hit)
|
|
Batting: RHB Jarno van Lente
|
0-0: Called Strike 0-1: Grounds into double play, 6-4-3 (Groundball, 6, EV 77.5 MPH)
|
| Bottom of the 2nd over - 0 runs, 1 hit, 0 errors, 0 left on base; Oakland 2 - Houston 0 |
| TOP OF THE 3RD |
|
Oakland Oaks batting - Pitching for Houston Colt .45's : RHP Muckle Wildriver
|
|
Batting: RHB Scott Lister
|
0-0: Ball 1-0: Swinging Strike 1-1: Ball 2-1: Ball 3-1: Base on Balls
|
|
Batting: RHB Walt Alaniz
|
0-0: Called Strike Scott Lister steals 2nd base 0-1: Ball 1-1: Ball 2-1: Foul Ball, location: 2F 2-2: Foul Ball, location: 2F 2-2: Ball 3-2: DOUBLE (Flyball, 78XD, EV 109.4 MPH) Scott Lister scores
|
|
Batting: LHB Felipe Gomez
|
0-0: Called Strike 0-1: Ball 1-1: Ball 2-1: Foul Ball, location: 2F 2-2: 2-RUN HOME RUN (Flyball, 9D, EV 96.9 MPH), Distance : 370 ft
|
|
Batting: RHB Chris Temple
|
0-0: Called Strike 0-1: Ball 1-1: Swinging Strike 1-2: Strikes out looking
|
|
Batting: LHB Ed Talamantes
|
0-0: Ball 1-0: Ground out 4-3 (Groundball, 4M, EV 80.6 MPH)
|
|
Batting: RHB Mike Gangi
|
0-0: Ball 1-0: Foul Ball, location: 2F 1-1: Ball 2-1: Swinging Strike 2-2: Strikes out swinging
|
| Top of the 3rd over - 3 runs, 2 hits, 0 errors, 0 left on base; Oakland 5 - Houston 0 |
| BOTTOM OF THE 3RD |
|
Houston Colt .45's batting - Pitching for Oakland Oaks : RHP Chad Cooper
|
|
Batting: RHB John Moore
|
0-0: Foul Ball, location: 2F 0-1: Called Strike 0-2: Strikes out swinging
|
|
Batting: RHB Patrick Pinault
|
0-0: Ball 1-0: Ball 2-0: Ball 3-0: Base on Balls
|
|
Batting: LHB Ryan Fridley
|
0-0: Called Strike 0-1: Swinging Strike 0-2: Strikes out swinging
|
|
Batting: RHB Daniel Pena
|
0-0: Foul Ball, location: 2F 0-1: Called Strike 0-2: Foul Ball, location: 2F 0-2: Ball 1-2: Strikes out swinging
|
| Bottom of the 3rd over - 0 runs, 0 hits, 0 errors, 1 left on base; Oakland 5 - Houston 0 |
| TOP OF THE 4TH |
|
Oakland Oaks batting - Pitching for Houston Colt .45's : RHP Muckle Wildriver
|
|
Batting: RHB Travis Robinson
|
0-0: Called Strike 0-1: Ground out 5-3 (Groundball, 56S, EV 71.9 MPH)
|
|
Batting: RHB Tim Anderson
|
0-0: Ball 1-0: Ball 2-0: Ball 3-0: Base on Balls
|
|
Pitching: RHP Vinny Salazar
|
|
|
Batting: RHB Chris Bohm
|
0-0: Ball Tim Anderson steals 2nd base 1-0: Foul Ball, location: 2F 1-1: Ball 2-1: Swinging Strike 2-2: Ball 3-2: Ground out 5-3 (Groundball, 56, EV 81.9 MPH)
|
|
Batting: RHB Scott Lister
|
0-0: Foul Ball, location: 2F 0-1: Ground out 4-3 (Groundball, 4, EV 83.1 MPH)
|
| Top of the 4th over - 0 runs, 0 hits, 0 errors, 1 left on base; Oakland 5 - Houston 0 |
| BOTTOM OF THE 4TH |
|
Houston Colt .45's batting - Pitching for Oakland Oaks : RHP Chad Cooper
|
|
Batting: LHB Bruce Arvizu
|
0-0: Ball 1-0: Foul Ball, location: 2F 1-1: Ball 2-1: Swinging Strike 2-2: Strikes out swinging
|
|
Batting: RHB Jason Monico
|
0-0: Foul Ball, location: 2F 0-1: Ball 1-1: Ball 2-1: Ball 3-1: Fly out, F7 (Flyball, 7, EV 80.6 MPH)
|
|
Batting: LHB Bob Govella
|
0-0: Ball 1-0: Foul Ball, location: 2F 1-1: Ball 2-1: Ball 3-1: Called Strike 3-2: Foul Ball, location: 2F 3-2: Strikes out swinging
|
| Bottom of the 4th over - 0 runs, 0 hits, 0 errors, 0 left on base; Oakland 5 - Houston 0 |
| TOP OF THE 5TH |
|
Oakland Oaks batting - Pitching for Houston Colt .45's : RHP Vinny Salazar
|
|
Batting: RHB Walt Alaniz
|
0-0: Swinging Strike 0-1: Ball 1-1: Swinging Strike 1-2: SOLO HOME RUN (Line Drive, 7LD, EV 93.1 MPH), Distance : 347 ft
|
|
Batting: LHB Felipe Gomez
|
0-0: Ball 1-0: Ball 2-0: SOLO HOME RUN (Flyball, 9LD, EV 90.0 MPH), Distance : 332 ft
|
|
Batting: RHB Chris Temple
|
0-0: Fly out, F8 (Flyball, 8RD, EV 85.6 MPH)
|
|
Batting: LHB Ed Talamantes
|
0-0: Ball 1-0: Ball 2-0: Called Strike 2-1: Foul Ball, location: 2F 2-2: Strikes out swinging
|
|
Batting: RHB Mike Gangi
|
0-0: Ball 1-0: Foul Ball, location: 2F 1-1: Ball 2-1: Ball 3-1: Fly out, F9 (Line Drive, 89M, EV 90.6 MPH)
|
| Top of the 5th over - 2 runs, 2 hits, 0 errors, 0 left on base; Oakland 7 - Houston 0 |
| BOTTOM OF THE 5TH |
|
Houston Colt .45's batting - Pitching for Oakland Oaks : RHP Chad Cooper
|
|
Batting: SHB Terciero Ortiz
|
0-0: Ball 1-0: Swinging Strike 1-1: SINGLE (Line Drive, 8LS, EV 98.1 MPH)
|
|
Batting: RHB Jarno van Lente
|
0-0: Called Strike 0-1: Ball 1-1: Ball 2-1: Foul Ball, location: 2F 2-2: Ball 3-2: Foul Ball, location: 2F 3-2: Foul Ball, location: 2F 3-2: Strikes out swinging
|
|
Batting: RHB John Moore
|
0-0: Swinging Strike 0-1: Called Strike 0-2: Ball 1-2: Ball 2-2: Foul Ball, location: 2F 2-2: Strikes out swinging
|
|
Batting: RHB Patrick Pinault
|
0-0: Ball 1-0: Foul Ball, location: 2F 1-1: DOUBLE (Line Drive, 78D, EV 108.8 MPH) Terciero Ortiz to third Runner from 3rd tries for Home, throw by CF and OUT! 8-6-2
|
| Bottom of the 5th over - 0 runs, 2 hits, 0 errors, 1 left on base; Oakland 7 - Houston 0 |
| TOP OF THE 6TH |
|
Oakland Oaks batting - Pitching for Houston Colt .45's : RHP Vinny Salazar
|
|
Batting: RHB Travis Robinson
|
0-0: Ball 1-0: Ball 2-0: Called Strike 2-1: Foul Ball, location: 2F 2-2: Strikes out looking
|
|
Pitching: RHP Tim Evans
|
|
|
Batting: RHB Tim Anderson
|
0-0: Foul Ball, location: 2F 0-1: Ball 1-1: Called Strike 1-2: Strikes out looking
|
|
Batting: RHB Chris Bohm
|
0-0: Ground out 6-3 (Groundball, 6, EV 90.6 MPH)
|
| Top of the 6th over - 0 runs, 0 hits, 0 errors, 0 left on base; Oakland 7 - Houston 0 |
| BOTTOM OF THE 6TH |
|
Houston Colt .45's batting - Pitching for Oakland Oaks : RHP Chad Cooper
|
|
Batting: LHB Ryan Fridley
|
0-0: Swinging Strike 0-1: Ball 1-1: Foul Ball, location: 2F 1-2: Ball 2-2: Strikes out swinging
|
|
Batting: RHB Daniel Pena
|
0-0: Called Strike 0-1: Foul Ball, location: 2F 0-2: Foul Ball, location: 2F 0-2: Ball 1-2: Ball 2-2: Strikes out swinging
|
|
Batting: LHB Bruce Arvizu
|
0-0: Ball 1-0: Ball 2-0: Called Strike 2-1: Foul Ball, location: 2F 2-2: Ball 3-2: SINGLE (Line Drive, 78S, EV 99.4 MPH)
|
|
Pitching: RHP Manny Tienda
|
|
|
Batting: RHB Jason Monico
|
0-0: Called Strike Bruce Arvizu steals 2nd base 0-1: Foul Ball, location: 2F 0-2: Fly out, F7 (Line Drive, 7, EV 103.8 MPH)
|
| Bottom of the 6th over - 0 runs, 1 hit, 0 errors, 1 left on base; Oakland 7 - Houston 0 |
| TOP OF THE 7TH |
|
Oakland Oaks batting - Pitching for Houston Colt .45's : RHP Tim Evans
|
|
Batting: RHB Scott Lister
|
0-0: Called Strike 0-1: Called Strike 0-2: Strikes out swinging
|
|
Batting: RHB Walt Alaniz
|
0-0: Ball 1-0: Ball 2-0: Ground out 4-3 (Groundball, 4, EV 96.2 MPH)
|
|
Batting: LHB Felipe Gomez
|
0-0: Ball 1-0: Ball 2-0: Foul Ball, location: 2F 2-1: Called Strike 2-2: Strikes out looking
|
| Top of the 7th over - 0 runs, 0 hits, 0 errors, 0 left on base; Oakland 7 - Houston 0 |
| BOTTOM OF THE 7TH |
|
Houston Colt .45's batting - Pitching for Oakland Oaks : RHP Manny Tienda
|
|
Batting: LHB Bob Govella
|
0-0: Ball 1-0: Ball 2-0: Called Strike 2-1: Ball 3-1: Called Strike 3-2: Strikes out swinging
|
|
Batting: SHB Terciero Ortiz
|
0-0: Ball 1-0: Called Strike 1-1: Ball 2-1: Swinging Strike 2-2: Foul Ball, location: 2F 2-2: Foul Ball, location: 2F 2-2: Foul Ball, location: 2F 2-2: Foul Ball, location: 2F 2-2: Strikes out swinging
|
|
Batting: RHB Jarno van Lente
|
0-0: Ball 1-0: Ground out 5-3 (Groundball, 5S, EV 84.4 MPH)
|
| Bottom of the 7th over - 0 runs, 0 hits, 0 errors, 0 left on base; Oakland 7 - Houston 0 |
| TOP OF THE 8TH |
|
Oakland Oaks batting - Pitching for Houston Colt .45's : RHP Tim Evans
|
|
Batting: RHB Chris Temple
|
0-0: Called Strike 0-1: Ball 1-1: SINGLE (Line Drive, 9S, EV 105.0 MPH)
|
|
Pinch Hitting: LHB Igor Ciobanu
|
0-0: Ball 1-0: Ball 2-0: Ball 3-0: Hit by Pitch Chris Temple to second
|
|
Batting: RHB Mike Gangi
|
0-0: Ball Wild Pitch! Chris Temple to third Igor Ciobanu to second 1-0: Ball 2-0: Ball 3-0: Base on Balls
|
|
Batting: RHB Travis Robinson
|
0-0: Ball 1-0: Ball 2-0: Ball 3-0: Called Strike 3-1: Base on Balls Chris Temple scores Igor Ciobanu to third Mike Gangi to second
|
|
Batting: RHB Tim Anderson
|
0-0: Foul Ball, location: 2F 0-1: Ball Passed Ball! Igor Ciobanu scores Mike Gangi to third Travis Robinson to second 1-1: Swinging Strike 1-2: Strikes out looking
|
|
Batting: RHB Chris Bohm
|
0-0: DOUBLE (Flyball, 89XD, EV 105.6 MPH) Mike Gangi scores Travis Robinson scores
|
|
Batting: RHB Scott Lister
|
0-0: Foul Ball, location: 2F 0-1: Ball 1-1: SINGLE (Groundball, 4, EV 100.0 MPH) Chris Bohm to third
|
|
Pitching: RHP Hector Carrillo
|
|
|
Batting: RHB Walt Alaniz
|
0-0: Ball Passed Ball! Chris Bohm scores Scott Lister to second 1-0: Ground out 5-3 (Groundball, 25, EV 88.1 MPH)
|
|
Batting: LHB Felipe Gomez
|
0-0: Foul Ball, location: 2F 0-1: Ball 1-1: Ball 2-1: Foul Ball, location: 2F 2-2: Ball Wild Pitch! Scott Lister to third 3-2: Reached on error, E4 (Groundball, 4, EV 103.8 MPH) Scott Lister scores
|
|
Batting: RHB Chris Temple
|
0-0: Ball 1-0: SINGLE (Flyball, 7, EV 90.0 MPH) Felipe Gomez to second
|
|
Batting: LHB Igor Ciobanu
|
0-0: Ball 1-0: Ball 2-0: Ball 3-0: Base on Balls Felipe Gomez to third Chris Temple to second
|
|
Batting: RHB Mike Gangi
|
0-0: Foul Ball, location: 2F 0-1: Ball 1-1: Swinging Strike 1-2: Foul Ball, location: 2F 1-2: Strikes out swinging
|
| Top of the 8th over - 6 runs, 4 hits, 1 error, 3 left on base; Oakland 13 - Houston 0 |
| BOTTOM OF THE 8TH |
|
Houston Colt .45's batting - Pitching for Oakland Oaks : RHP Manny Tienda
|
|
Now at 1B: Igor Ciobanu
|
|
|
Batting: RHB John Moore
|
0-0: Ball 1-0: Foul Ball, location: 2F 1-1: Ball 2-1: Ball 3-1: Ground out U3 (Groundball, 3L, EV 102.5 MPH)
|
|
Batting: RHB Patrick Pinault
|
0-0: Foul Ball, location: 2F 0-1: Swinging Strike 0-2: Ball 1-2: Ball 2-2: Fly out, F7 (Line Drive, 78M, EV 100.6 MPH)
|
|
Batting: LHB Ryan Fridley
|
0-0: Ground out 3-1 (Groundball, 34, EV 86.9 MPH)
|
| Bottom of the 8th over - 0 runs, 0 hits, 0 errors, 0 left on base; Oakland 13 - Houston 0 |
| TOP OF THE 9TH |
|
Oakland Oaks batting - Pitching for Houston Colt .45's : RHP Hector Carrillo
|
|
Pitching: LHP Rod Somerville
|
|
|
Batting: RHB Travis Robinson
|
0-0: Swinging Strike 0-1: Foul Ball, location: 2F 0-2: Strikes out swinging
|
|
Batting: RHB Tim Anderson
|
0-0: Foul Ball, location: 2F 0-1: Ball 1-1: Ball 2-1: Called Strike 2-2: Foul Ball, location: 2F 2-2: Ball 3-2: Strikes out swinging
|
|
Batting: RHB Chris Bohm
|
0-0: Called Strike 0-1: Foul Ball, location: 2F 0-2: Ground out 1-3 (Groundball, 13S, EV 71.2 MPH)
|
| Top of the 9th over - 0 runs, 0 hits, 0 errors, 0 left on base; Oakland 13 - Houston 0 |
| BOTTOM OF THE 9TH |
|
Houston Colt .45's batting - Pitching for Oakland Oaks : RHP Manny Tienda
|
|
Batting: RHB Daniel Pena
|
0-0: Foul Ball, location: 2F 0-1: Ball 1-1: Ball 2-1: Foul Ball, location: 2F 2-2: Foul Ball, location: 2F 2-2: Hit by Pitch
|
|
Batting: LHB Bruce Arvizu
|
0-0: Swinging Strike 0-1: Called Strike 0-2: Strikes out swinging
|
|
Batting: RHB Jason Monico
|
0-0: Ball 1-0: Ball 2-0: Ball 3-0: Called Strike 3-1: Called Strike 3-2: Strikes out swinging
|
|
Batting: LHB Bob Govella
|
0-0: Foul Ball, location: 2F 0-1: Fly out, F7 (Line Drive, 7S, EV 89.4 MPH)
|
| Bottom of the 9th over - 0 runs, 0 hits, 0 errors, 1 left on base; Oakland 13 - Houston 0 |
|